 Dungeon Crawl Stone Soup version 0.26.0-20-g3ca415f5b8 (console) character file.

Game seed: 17978934182349418042

889 om the Ruffian (level 8, -2/66 HPs)
             Began as a Ghoul Monk on Jan 25, 2021.
             Was a Believer of Makhleb.
             Slain by a bullfrog (6 damage)
             ... on level 5 of the Dungeon.
             The game lasted 00:12:10 (5500 turns).

om the Ruffian (Ghoul Monk)                         Turns: 5500, Time: 00:12:10

Health: -2/66      AC:  8    Str: 16    XL:     8   Next: 6%
Magic:  10/10      EV: 15    Int:  5    God:    Makhleb [**....]
Gold:   352        SH:  0    Dex: 12    Spells: 7/7 levels left

rFire    . . .     SeeInvis .     - Unarmed
rCold    + . .     Faith    .   (no shield)
rNeg     + + +     Spirit   .   n - +1 scale mail
rPois    ∞         Reflect  .   (no helmet)
rElec    .         Harm     .   m - scarf {+Inv}
rCorr    .         Rampage  .   (no gloves)
Will     .....                  (no boots)
Stlth    +.........             (no amulet)
HPRegen  0.00/turn              f - +4 ring of evasion
MPRegen  0.12/turn              (no ring)

@: no status effects
A: claws 1, cold resistance 1, negative energy resistance 3, inhibited
regeneration, torment resistance, unbreathing
a: Renounce Religion, Evoke Invisibility, Minor Destruction


You were on level 5 of the Dungeon.
You worshipped Makhleb.
Makhleb was pleased with you.
You visited 1 branch of the dungeon, and saw 6 of its levels.

You collected 352 gold pieces.

Inventory:

Armour
 m - a scarf of invisibility (worn)
 n - a +1 scale mail (worn)
Jewellery
 f - a +4 ring of evasion (left claw)
Wands
 o - a wand of paralysis (8)
Scrolls
 a - 3 scrolls of identify
 b - 4 scrolls of teleportation
 c - 2 scrolls of fear {unknown}
 d - 2 scrolls of blinking {unknown}
 e - 3 scrolls of remove curse
 g - a scroll of amnesia {unknown}
 i - a scroll of enchant armour
 l - a scroll of enchant weapon {unknown}
 p - a scroll of magic mapping {unknown}
Potions
 h - 2 potions of resistance
 j - 3 potions of flight
 k - a potion of curing
 q - a potion of ambrosia {unknown}
 r - a potion of heal wounds {unknown}
 s - a potion of lignification {unknown}


   Skills:
 - Level 4.0 Fighting
 * Level 3.7 Armour
 + Level 4.2 Dodging
 - Level 3.0 Stealth
 + Level 6.2 Unarmed Combat
 * Level 4.1 Invocations


You had 7 spell levels left.
You didn't know any spells.
Your spell library was empty.

Dungeon Overview and Level Annotations

Branches:
Dungeon (6/15)             Temple (0/1) D:4

Altars:
Ashenzari
Elyvilon
Gozag
Makhleb
Nemelex Xobeh
Qazlal
Trog
Wu Jian
The Shining One

Annotations:
D:6 Sigmund


Innate Abilities, Weirdness & Mutations

You thrive by killing the living.
You are immune to poison.
You have sharp fingernails.
Your flesh is cold resistant. (rC+)
You are immune to negative energy. (rN+++)
You do not regenerate when monsters are visible.
You are immune to unholy pain and torment.
You can survive without breathing.


Message History

* * * LOW HITPOINT WARNING * * *
The bullfrog hits you.
* * * LOW HITPOINT WARNING * * *
Okay, then.
Press: ? - help, Shift-Dir - straight line, f - bullfrog
Aim: a bullfrog (moderately wounded)
The bullfrog writhes in agony.
The bullfrog hits you but does no damage.
The bullfrog barely misses you. The bullfrog closely misses you.
The bullfrog completely misses you.
Press: ? - help, Shift-Dir - straight line, f/p - bullfrog
Aim: a bullfrog (moderately wounded)
The zap misses the bullfrog.
The bullfrog closely misses you. The bullfrog misses you.
The bullfrog barely misses you.
Press: ? - help, Shift-Dir - straight line, f/p - bullfrog
Aim: a bullfrog (moderately wounded)
The bullfrog writhes in agony.
The bullfrog hits you.
* * * LOW HITPOINT WARNING * * *
The bullfrog hits you but does no damage.
The bullfrog hits you.
You die...

......≈≈....##.# #..##.#..##..#
......≈≈....#..# ###..#...##...#
..............>####.#............
....≈....≈......#.......##...##..
...................########..###.
#...............##.# #...###.
#............##.#.#########.##...
..........##..........#..........
.....#....##.....##..........##..
....###.......FF..##....####..#..
...## ##......##@.....### #...##.
....####..#....#......# ###.####.
...[..##.###......#..####...# ##
...........#..###.##..#.....#
.......#.###### ###.......###
......>### #..........#
.......### ###..#...###
.........# ######.# .......###
### ......## #..####


You could see 2 bullfrogs.

Vanquished Creatures
  A centaur (D:4)
  A bullfrog (D:4)
  A gnoll sergeant (D:6)
  A water moccasin skeleton (D:5)
  A howler monkey (D:3)
  3 hounds
  4 orc priests
  An orc wizard (D:4)
  2 bullfrog skeletons (D:5)
  A centaur skeleton (D:5)
  A worker ant (D:5)
  A worker ant zombie (D:6)
  6 adders
  6 gnolls
  A white imp (D:5)
  An adder skeleton (D:6)
  4 worms
  4 dart slugs
  6 leopard geckos
  15 orcs
  2 giant cockroaches
  4 goblins
  6 hobgoblins
  2 jackals (D:2)
  6 kobolds (D:1)
  3 quokkas
  9 bats
  5 frilled lizards
  A quokka skeleton (D:5)
  9 rats
108 creatures vanquished.

Notes
Turn   | Place    | Note
-------+----------+-------------------------------------------
     0 | D:1      | om the Ghoul Monk began the quest for the Orb.
     0 | D:1      | Reached XP level 1. HP: 19/19 MP: 0/0
   297 | D:1      | Reached XP level 2. HP: 26/26 MP: 1/1
   839 | D:1      | Reached skill level 4 in Unarmed Combat
   975 | D:1      | Reached XP level 3. HP: 31/31 MP: 2/2
  1425 | D:2      | Found a stormy altar of Qazlal.
  1625 | D:2      | Reached XP level 4. HP: 33/39 MP: 3/3
  1687 | D:2      | Found a sparkling altar of Nemelex Xobeh.
  2035 | D:3      | Reached skill level 5 in Unarmed Combat
  2253 | D:3      | Reached XP level 5. HP: 34/46 MP: 4/4
  2687 | D:3      | Reached skill level 1 in Armour
  2801 | D:3      | Found a burning altar of Makhleb.
  2803 | D:3      | Found a bloodstained altar of Trog.
  2805 | D:3      | Found an opulent altar of Gozag.
  2813 | D:3      | Found an ornate altar of the Wu Jian Council.
  2829 | D:3      | Became a worshipper of Makhleb the Destroyer
  2829 | D:3      | Reached * piety under Makhleb
  2829 | D:3      | Reached ** piety under Makhleb
  2959 | D:4      | Reached skill level 1 in Invocations
  2959 | D:4      | Reached XP level 6. HP: 50/52 MP: 5/5
  3366 | D:4      | Found a staircase to the Ecumenical Temple.
  3910 | D:5      | Entered Level 5 of the Dungeon
  4125 | D:5      | Reached XP level 7. HP: 32/59 MP: 7/7
  4566 | D:5      | Found a glowing golden altar of the Shining One.
  4796 | D:5      | Found a white marble altar of Elyvilon.
  4819 | D:5      | Reached skill level 6 in Unarmed Combat
  5336 | D:6      | Found a broken altar of Ashenzari.
  5385 | D:6      | Reached XP level 8. HP: 53/66 MP: 8/10
  5464 | D:6      | Noticed Sigmund
  5500 | D:5      | Slain by a bullfrog

Illustrated notes

Levels and vault maps discovered:
D:1:      minmay_arrival_plants_in_alcoves, layout_basic,
          chequers_serial_rivers_small_a
D:2:      layout_rooms, nemelex_altar_shiori, lemuel_round_altar
D:3:      layout_rooms, minitemple, palyth_stone_intersect
D:4:      layout_gridville, minmay_temple_entry_drinking_statues
D:5:      layout_cave_pools, lemuel_doored_altar, basic_altar,
          skrybe_limestone_x
D:6:      layout_cave_pools, lemuel_round_altar, uniq_sigmund

Skill      XL: |  1  2  3  4  5  6  7 |
---------------+----------------------+-----
Unarmed Combat | 4 5 6 |  6.2
Dodging        | 3 4 |  4.2
Armour         | 1 2 3 |  3.7
Fighting       | 4 |  4.0
Invocations    | 1 2 4 |  4.1
Stealth        | 3 |  3.0

Action                   |  1- 3 |  4- 6 |  7- 9 || total
-------------------------+-------+-------+-------++-------
Melee: Unarmed           |   127 |   171 |   161 ||   459
       Punch             |     4 |     4 |     5 ||    13
Invok: Minor Destruction |       |       |     3 ||     3
  Use: Scroll            |       |     4 |     2 ||     6
 Stab: Sleeping          |     4 |       |       ||     4
Armor: Robe              |    32 |     1 |       ||    33
       Ring mail         |       |    12 |       ||    12
       Scale mail        |       |    13 |    61 ||    74
Dodge: Dodged            |   129 |   107 |   188 ||   424
